[Event "Late-Titled-Tuesday-Blitz-May-14-2024"]
[Site "Chess.com"]
[Date "2024.05.14"]
[Round "10"]
[White "shirovin"]
[Black "gamboajp"]
[Result "0-1"]
[WhiteElo "2091"]
[BlackElo "2046"]
[TimeControl "180+1"]
[EndTime "15:54:32 PDT"]
[Termination "gamboajp won by checkmate"]

1. b3 f6 2. Bb2 e5 3. d4 d6 4. e3 g6 5. dxe5 dxe5 6. Qxd8+ Kxd8 7. Nd2 c6 8. O-O-O Kc7 9. f4 Bg4 10. Be2 Bxe2 11. Nxe2 Nd7 12. Nc4 b5 13. Nd2 Bc5 14. Nf1 Nh6 15. fxe5 Nxe5 16. Bd4 Ba3+ 17. Kb1 Nhg4 18.
Rg1 Nf2 19. Rd2 Ne4 20. Rd1 c5 21. Bxe5+ fxe5 22. Nfg3 Nd6 23. Rd5 Rhe8 24. Rgd1 Rad8 25. Nc3 a6 26. Nce4 Nxe4 27. Nxe4 c4 28. Rxd8 Rxd8 29. Rxd8 Kxd8 30. bxc4 bxc4 31. Nf6 h5 32. Ne4 Ke7 33.
c3 Ke6 34. Ng5+ Kf5 35. Nf7 Ke4 36. Nd6+ Kd3 37. Nf7 e4 38. Nh8 Kxc3 39. Nxg6 Kd2 40. Nf4 c3 41. Ne2 c2+ 42. Ka1 c1=Q+ 43. Nxc1 Kxc1 44. g3 Bb2# 0-1

[Event "Late-Titled-Tuesday-Blitz-May-14-2024"]
[Site "Chess.com"]
[Date "2024.05.14"]
[Round "10"]
[White "ural58"]
[Black "SahaNeelash"]
[Result "0-1"]
[WhiteElo "2469"]
[BlackElo "2686"]
[TimeControl "180+1"]
[EndTime "15:54:35 PDT"]
[Termination "SahaNeelash won by resignation"]

1. e4 e6 2. d4 d5 3. Nc3 Bb4 4. Ne2 dxe4 5. a3 Bxc3+ 6. Nxc3 Nf6 7. Bg5 h6 8. Bxf6 Qxf6 9. Nxe4 Qg6 10. Qf3 O-O 11. Bd3 Nc6 12. c3 e5 13. d5 Ne7 14.
Nc5 f5 15. Bc4 Qd6 16. Ne6 Bxe6 17. dxe6 e4 18. Qg3 f4 19. Qg4 Qc5 20. Ba2 Rad8 21.
O-O Rd2 22. Rab1 Kh7 23. c4 Rf5 24. Rbd1 Rxb2 25. Bb1 Qe5 26. Rfe1 Rxb1 27. Rxb1 Rg5 28. Qd1 Qxe6 29. Rxb7 Ng6 30. Rb5 c5 31. f3 Qh3 32.
Qd2 exf3 33. Rb2 Rxg2+ 34. Qxg2 fxg2 35. Rxg2 Nh4 36. Rf2 Nf3+ 37. Rxf3 Qxf3 38. Rf1 Qe3+ 39. Kg2 g5 0-1

[Event "Late-Titled-Tuesday-Blitz-May-14-2024"]
[Site "Chess.com"]
[Date "2024.05.14"]
[Round "10"]
[White "Hikaru"]
[Black "GMBenjaminBok"]
[Result "1/2-1/2"]
[WhiteElo "3234"]
[BlackElo "3070"]
[TimeControl "180+1"]
[EndTime "15:54:37 PDT"]
[Termination "Game drawn by repetition"]

1. b3 d5 2. Bb2 Bf5 3. e3 e6 4. Ne2 h6 5. Ng3 Bh7 6. Nh5 Nf6 7. Nxf6+ gxf6 8. Bd3 Bxd3 9. cxd3 Nc6 10. Nc3 Qd7 11. O-O O-O-O 12. Qh5 Bd6 13. Ne2 Be5 14. Bxe5 fxe5 15. a3 Rdg8 16. b4 Rg5 17. Qh3 Rhg8 18. g3 f5 19. f4 exf4 20. exf4 R5g6 21. b5 Nd8 22. a4 Qg7 23. Qg2 h5 24. h4 Nf7 25.
Qf2 Nd6 26. Kh2 Kb8 27. Rab1 Ne8 28. Rg1 Nf6 29. Kh1 Ng4 30. Qf3 Qe7 31. a5 Qa3 32. a6 Qxd3 33. Qxd3 Nf2+ 34. Kh2 Nxd3 35. Nd4 Nc5 36.
Rg2 Kc8 37. Nf3 bxa6 38. bxa6 Nxa6 39. Ra1 Nc5 40. Rxa7 Ne4 41. d3 Rxg3 42. Ra8+ Kb7 43. Rxg8 Rxf3 44. dxe4 fxe4 45. Rc2 Rxf4 46. Rg7 Rxh4+ 47.
Kg3 Rg4+ 48. Rxg4 hxg4 49. Kxg4 Kb6 50. Kf4 c5 51. Ke5 c4 52. Kxe6 Kc5 53. Ke5 e3 54. Rh2 c3 55. Kf4 Kd4 56. Re2 Kd3 57. Rxe3+ Kd2 58.
Re5 c2 59. Rxd5+ Ke2 60. Rc5 Kd2 61. Rd5+ Ke2 62. Rc5 Kd2 63. Rd5+ 1/2-1/2

[Event "Late-Titled-Tuesday-Blitz-May-14-2024"]
[Site "Chess.com"]
[Date "2024.05.14"]
[Round "10"]
[White "MuhittinBuker"]
[Black "Christian-Toth"]
[Result "0-1"]
[WhiteElo "2237"]
[BlackElo "2385"]
[TimeControl "180+1"]
[EndTime "15:54:37 PDT"]
[Termination "Christian-Toth won on time"]

1. d4 d5 2. c4 e6 3. Nc3 c5 4. cxd5 exd5 5. Nf3 Nf6 6. g3 Nc6 7. Bg2 Be7 8. O-O O-O 9. dxc5 Bxc5 10. Bg5 d4 11.
Ne4 Be7 12. Nxf6+ Bxf6 13. Bxf6 Qxf6 14. Qd3 Bf5 15. Qb3 Qe7 16. Rfd1 Rad8 17. Rd2 Rd6 18. Rad1 Rfd8 19. Qa4 Qf6 20. b4 a6 21. Qb3 b5 22.
a4 h6 23. axb5 axb5 24. Qa3 g5 25. Ne1 Ne5 26. Qa1 Nc4 27. Ra2 Kg7 28. Nd3 Bxd3 29.
exd3 Ne5 30. Ra7 Qf5 31. Be4 Qh3 32. Qa2 Rf6 33. Qe2 Ng4 34. f3 Ne3 35. Rda1 Rc8 36. R7a2 Rc3 37. Rb2 h5 38. Kh1 g4 39. f4 h4 40. Bg2 Nxg2 41. Qxg2 Qxg2+ 42. Kxg2 h3+ 43. Kf2 Rxd3 44. Ra5 Re6 45. Rxb5 Rf3+ 0-1

[Event "Late-Titled-Tuesday-Blitz-May-14-2024"]
[Site "Chess.com"]
[Date "2024.05.14"]
[Round "10"]
[White "th3d4rkness"]
[Black "balack95"]
[Result "1-0"]
[WhiteElo "2190"]
[BlackElo "2451"]
[TimeControl "180+1"]
[EndTime "15:54:37 PDT"]
[Termination "th3d4rkness won on time"]

1. e4 d5 2. exd5 Qxd5 3. Nc3 Qe5+ 4. Be2 c6 5. Nf3 Qc7 6. O-O Nf6 7. d3 Bg4 8. Bg5 Nbd7 9. Bh4 e6 10. Bg3 Bd6 11.
Bxd6 Qxd6 12. Ne4 Nxe4 13. dxe4 Qxd1 14. Rfxd1 f6 15. h3 Bh5 16. Nd4 Bf7 17. Bg4 Ke7 18.
Nb3 h5 19. Be2 b6 20. Rd2 g5 21. Nd4 Ne5 22. Rad1 Bg6 23. f3 Rhd8 24. Nb3 Rxd2 25.
Rxd2 a5 26. Kf2 a4 27. Nc1 h4 28. Ke3 c5 29. b3 axb3 30. cxb3 Be8 31. Kf2 Bc6 32. a4 Ng6 33. Na2 Nf4 34. Bf1 Ng6 35. Nc3 Ne5 36. Bb5 Bb7 37. Nd1 Rc8 38. Ne3 Bc6 39.
Ba6 Ra8 40. Be2 Ng6 41. Nc4 b5 42. Nb6 Rb8 43. a5 Ne5 44. Bf1 Rb7 45. Rc2 c4 46.
bxc4 b4 47. c5 Bd7 48. a6 Rc7 49. Nxd7 Nxd7 50. c6 Nb8 51. Bb5 Kd6 52. Ke3 e5 53.
Kd3 Re7 54. Kc4 Ra7 55. Kxb4 Nxa6+ 56. Bxa6 Kc7 57. Kb5 Ra8 58. Rd2 Rb8+ 59. Bb7 Rh8 60. Rd7+ Kb8 61. Kb6 1-0

[Event "Late-Titled-Tuesday-Blitz-May-14-2024"]
[Site "Chess.com"]
[Date "2024.05.14"]
[Round "10"]
[White "TanitoluwaAps116"]
[Black "yaguigor"]
[Result "0-1"]
[WhiteElo "2728"]
[BlackElo "2588"]
[TimeControl "180+1"]
[EndTime "15:54:38 PDT"]
[Termination "yaguigor won on time"]

1. e4 c5 2. Nf3 Nc6 3. Bb5 g6 4. Bxc6 bxc6 5. O-O Bg7 6. Re1 Nh6 7. d4 cxd4 8. Bxh6 Bxh6 9. Qxd4 O-O 10. e5 Bg7 11.
Qh4 f6 12. Nc3 Qa5 13. Rad1 Rb8 14. Qc4+ Kh8 15. b3 Rb4 16. Qd3 Rf4 17. exf6 exf6 18. g3 Rf5 19. Nh4 Re5 20. Rxe5 fxe5 21. Ne4 d5 22. Ng5 Qc5 23. Nxg6+ hxg6 24. Qxg6 Qxf2+ 25. Kh1 Bf5 26. Qh5+ Kg8 27. Rg1 Be4+ 28. Nxe4 dxe4 29. Qg6 Qf5 30. Qxc6 Qf3+ 31. Rg2 Rd8 32. Qe6+ Kf8 33. h4 e3 34. Qc4 Bf6 35. Qc5+ Kg8 36. Kh2 Rd2 37. Qc8+ Kh7 38. Rxd2 exd2 39. Qd7+ Kg6 40. Qxd2 e4 41. Qd5 Qf5 42. Qg8+ Bg7 43. Qe8+ Kh7 44.
c4 Qf2+ 45. Kh3 Qf1+ 46. Kg4 Qf3+ 47. Kh3 e3 48. h5 e2 49. Qg6+ Kh8 50. Qe8+ Bf8 51. c5 Qf1+ 52. Kg4 e1=Q 0-1

[Event "Late-Titled-Tuesday-Blitz-May-14-2024"]
[Site "Chess.com"]
[Date "2024.05.14"]
[Round "10"]
[White "slidingknight2775"]
[Black "David_ATM"]
[Result "1-0"]
[WhiteElo "2595"]
[BlackElo "2447"]
[TimeControl "180+1"]
[EndTime "15:54:38 PDT"]
[Termination "slidingknight2775 won on time"]

1. d4 d5 2. c4 c6 3. Nf3 Nf6 4. g3 Bf5 5. Nc3 e6 6. Nh4 Be4 7. f3 Bg6 8. Qb3 Qb6 9. c5 Qxb3 10. axb3 Nbd7 11. Nxg6 hxg6 12. b4 e5 13. e3 Be7 14.
b5 O-O 15. b4 Ne8 16. bxc6 bxc6 17. b5 exd4 18. exd4 Bf6 19. Be3 Nxc5 20. bxc6 Nb3 21. Ra4 Nc7 22. Kf2 Nc5 23. dxc5 Bxc3 24. Bh3 a5 25.
Bf4 Ne6 26. Bxe6 fxe6 27. Bd6 Rfc8 28. c7 Ra7 29. Rc1 Bb4 30. Ke2 Raxc7 31. Bxc7 Rxc7 32. c6 Kf7 33. Kd3 Ke7 34. Ra2 Kd6 35. Re2 e5 36. h4 Bc5 37. Ra2 Bb4 38. Rac2 Ke6 39. g4 Kd6 40. h5 gxh5 41. gxh5 Ba3 42. Rg1 Re7 43. c7 1-0

[Event "Late-Titled-Tuesday-Blitz-May-14-2024"]
[Site "Chess.com"]
[Date "2024.05.14"]
[Round "10"]
[White "RantomOpening"]
[Black "FredddieCroderg"]
[Result "1-0"]
[WhiteElo "2592"]
[BlackElo "2345"]
[TimeControl "180+1"]
[EndTime "15:54:40 PDT"]
[Termination "RantomOpening won on time"]

1. c4 a5 2. g3 Na6 3. Bg2 h5 4. Nf3 d6 5. d4 Bd7 6. Nc3 Qc8 7. h4 Nh6 8. e4 f6 9. e5 Bf5 10. Bf4 Ng4 11. a3 dxe5 12. dxe5 Nc5 13. O-O Nd3 14. exf6 gxf6 15. Nd5 e5 16. Qa4+ Kf7 17.
Be3 Nxe3 18. Nxe3 Bg6 19. Kh2 Bc5 20. Bh3 Qe8 21. Bd7 Qe7 22. Nd5 Qd6 23. Bh3 Nxb2 24. Qb3 Nd3 25. Rad1 e4 26. Nf4 a4 27. Qc3 Qe7 28.
Be6+ Kg7 29. Nxg6 Kxg6 30. Bd5 f5 31. Nd4 Rad8 32. Ne6 Rd6 33. Rxd3 exd3 34. Qxh8 Rxe6 35. Qg8+ Kf6 36. Qg5+ Ke5 37. Re1+ 1-0

[Event "Late-Titled-Tuesday-Blitz-May-14-2024"]
[Site "Chess.com"]
[Date "2024.05.14"]
[Round "10"]
[White "if_name_main_a"]
[Black "tamarozi99"]
[Result "1-0"]
[WhiteElo "2447"]
[BlackElo "2089"]
[TimeControl "180+1"]
[EndTime "15:54:40 PDT"]
[Termination "if_name_main_a won by resignation"]

1. Nf3 d5 2. d4 c5 3. e3 e6 4. b3 Nf6 5. Bb2 Be7 6. Bd3 O-O 7.
O-O Ne4 8. Nbd2 f5 9. dxc5 Bxc5 10. c4 Nd7 11. cxd5 Ndf6 12. Rc1 Bb4 13. a3 Bxd2 14. Nxd2 exd5 15. Nf3 Bd7 16. b4 a6 17. Qb3 Bc6 18.
Nd4 Qd7 19. Rfd1 Ba4 20. Qa2 Bxd1 21. Rxd1 Rac8 22. Qb3 Rc7 23. h3 Rfc8 24. Ne2 b5 25. Nf4 Kh8 26. Bxe4 fxe4 27. Bxf6 gxf6 28. Rxd5 Qf7 29.
Qb2 Kg7 30. Rd6 Rc1+ 31. Kh2 R1c6 32. Ne6+ Kg8 33. Qd4 Rxd6 34. Qxd6 Re8 35. Nc7 Re7 36. Nxa6 Re6 37. Qd8+ Kg7 38. Nc5 Re8 39. Qd6 Qe7 40.
Qc6 Kf7 41. Qxb5 Qe5+ 42. g3 Rd8 43. Qc4+ Kg7 44. Ne6+ Kg6 45. Nxd8 Qd6 46. Qf7+ Kh6 47. Ne6 1-0

[Event "Late-Titled-Tuesday-Blitz-May-14-2024"]
[Site "Chess.com"]
[Date "2024.05.14"]
[Round "10"]
[White "Mikhail_Golubev"]
[Black "Viktoker"]
[Result "0-1"]
[WhiteElo "2582"]
[BlackElo "2432"]
[TimeControl "180+1"]
[EndTime "15:54:43 PDT"]
[Termination "Viktoker won on time"]

1. e4 e5 2. Nf3 Nc6 3. Bc4 Nf6 4. d3 Be7 5. O-O O-O 6. Nc3 d6 7. a3 Kh8 8. h3 Ng8 9. d4 f5 10. dxe5 fxe4 11. Nxe4 dxe5 12. Qxd8 Bxd8 13. Neg5 Nh6 14. Ne6 Bxe6 15. Bxe6 Bf6 16. Bd5 Nf5 17. c3 Rad8 18.
Bxc6 bxc6 19. Re1 Rfe8 20. Be3 a6 21. Rad1 Rd5 22. Bc1 Kg8 23. Kf1 e4 24. Ng1 Kf7 25.
Ke2 Red8 26. Rxd5 cxd5 27. f3 Re8 28. Kd1 e3 29. Ne2 c5 30. Kc2 d4 31. Rd1 Rc8 32. c4 a5 33. Rd3 a4 34. b3 axb3+ 35. Rxb3 Nd6 36. Kd3 Ra8 37. Bb2 Ra4 38. Rb6 Nxc4 39. Rb7+ Be7 40. Bc1 Ne5+ 41. Ke4 Nc6 42. Nf4 Ke8 43.
Nd5 d3+ 0-1

[Event "Late-Titled-Tuesday-Blitz-May-14-2024"]
[Site "Chess.com"]
[Date "2024.05.14"]
[Round "10"]
[White "Cherepov_Alexej"]
[Black "Dexter_Dyke"]
[Result "0-1"]
[WhiteElo "2431"]
[BlackElo "2601"]
[TimeControl "180+1"]
[EndTime "15:54:44 PDT"]
[Termination "Dexter_Dyke won on time"]

1. d4 f6 2. e4 e6 3. Nf3 d5 4. Bd3 c5 5. exd5 exd5 6. dxc5 Bxc5 7. Nc3 Ne7 8. O-O O-O 9. h3 Nbc6 10. Re1 Qb6 11.
Re2 Qc7 12. Be3 Bxe3 13. Rxe3 Kh8 14. Nb5 Qf4 15. Nbd4 Ng6 16. Ne6 Bxe6 17. Rxe6 Nge5 18. Nxe5 fxe5 19. f3 e4 20. fxe4 Qf2+ 21. Kh1 Nd4 22. Re7 Nf3 23. Be2 Nh4 24. Qf1 Qg3 25. Qg1 Rf2 26. Bf1 Raf8 27. exd5 Nf3 28. gxf3 Qxf3+ 29. Bg2 Qf4 30. Rae1 h6 31. Re8 Kh7 32. Rxf8 Qxf8 33. Be4+ Kh8 34. Qg6 Rf1+ 35. Rxf1 Qxf1+ 36. Kh2 Qf2+ 37. Bg2 Qf4+ 38. Qg3 Qd4 39. d6 Qd2 40. h4 Qd4 41. c4 g5 42. hxg5 h5 43. Qh3 h4 0-1

[Event "Late-Titled-Tuesday-Blitz-May-14-2024"]
[Site "Chess.com"]
[Date "2024.05.14"]
[Round "10"]
[White "urano56"]
[Black "zajka-molotok"]
[Result "0-1"]
[WhiteElo "2432"]
[BlackElo "2552"]
[TimeControl "180+1"]
[EndTime "15:54:44 PDT"]
[Termination "zajka-molotok won on time"]

1. e4 g6 2. d4 Bg7 3. Nc3 d6 4. f4 Nc6 5. Nf3 Bg4 6. Be3 e5 7. d5 Nd4 8. fxe5 Bxf3 9. gxf3 dxe5 10. Nb5 c5 11. dxc6 bxc6 12. Nxd4 exd4 13. Bf2 Ne7 14. Bc4 O-O 15. Qe2 Rb8 16. Bb3 Qa5+ 17. Qd2 Qh5 18.
Qe2 c5 19. O-O-O Nc6 20. Kb1 Ne5 21. Bg3 Rb6 22. Rhf1 c4 23. Bxc4 d3 24. Bxd3 Nxd3 25.
cxd3 Rxb2+ 26. Qxb2 Bxb2 27. Kxb2 Rc8 28. Rc1 Qb5+ 29. Ka1 Rxc1+ 30. Rxc1 Qxd3 31. Be5 f6 32. Bxf6 Qxf3 33. e5 Kf7 34. Kb2 a5 35. Rc2 a4 36.
Rc3 Qf2+ 37. Rc2 Qb6+ 38. Ka3 Qb5 39. Rc7+ Ke6 40. Rc3 h6 41. h4 Kd5 42. Bg7 g5 43. hxg5 hxg5 44. Bf6 g4 45. Rc2 Qd3+ 46. Kb2 a3+ 47.
Kc1 g3 48. Rd2 Qxd2+ 49. Kxd2 g2 50. e6 g1=Q 51. e7 Qg2+ 52. Kc3 Qe4 53. Kb3 Qe3+ 54. Kb4 Kc6 55. Ka4 Kd7 0-1

[Event "Late-Titled-Tuesday-Blitz-May-14-2024"]
[Site "Chess.com"]
[Date "2024.05.14"]
[Round "10"]
[White "HanSchut"]
[Black "crazycheesecake"]
[Result "1-0"]
[WhiteElo "2351"]
[BlackElo "2133"]
[TimeControl "180+1"]
[EndTime "15:54:45 PDT"]
[Termination "HanSchut won on time"]

1. e4 e5 2. Nf3 Nc6 3. Bc4 Nf6 4. d3 Bc5 5. O-O d6 6. h3 O-O 7. c3 a5 8. d4 Ba7 9. Re1 Re8 10. d5 Ne7 11. Bd3 Ng6 12. c4 Nh5 13. Nc3 Nhf4 14.
Kf1 Bd7 15. Be3 Qc8 16. Ng1 Qd8 17. Nf3 Qf6 18. Nb5 Bb8 19. c5 Nh4 20. Bxf4 Qxf4 21.
Nxh4 Qxh4 22. cxd6 cxd6 23. Rc1 Rc8 24. Rxc8+ Bxc8 25. Qc2 Qd8 26. Rc1 Bd7 27. Nc7 Ra7 28. f3 h6 29. Qf2 a4 30. a3 Ra5 31. Qb6 Rc5 32. Rxc5 dxc5 33. Na8 Qxb6 34. Nxb6 Be8 35. Bc2 f6 36. Bxa4 Bxa4 37. Nxa4 Bd6 38. Nb6 Kf8 39. Ke2 Ke8 40. Kd3 Kd8 41. Nc4 Bf8 42. a4 b6 43. b3 Kc7 44. Na3 Kb7 45. Nb5 Kc8 46. Kc4 Kd7 47. Nc3 Kc7 48. Kb5 Kb7 49. a5 bxa5 50.
Kxa5 Be7 51. Kb5 Kc7 52. Na4 Kd6 53. Nb6 Bd8 54. Nc4+ Kd7 55. Kxc5 Be7+ 56. d6 Bf8 57. Kd5 g6 58. Nb6+ Kd8 59. b4 1-0

[Event "Late-Titled-Tuesday-Blitz-May-14-2024"]
[Site "Chess.com"]
[Date "2024.05.14"]
[Round "10"]
[White "Rsnr"]
[Black "Kira170"]
[Result "1-0"]
[WhiteElo "2913"]
[BlackElo "2765"]
[TimeControl "180+1"]
[EndTime "15:54:47 PDT"]
[Termination "Rsnr won on time"]

1. d4 e6 2. c4 f5 3. Nc3 Nf6 4. Qc2 b6 5. e3 Bb7 6. f3 c5 7. d5 g6 8. e4 fxe4 9. fxe4 Bg7 10. Nf3 O-O 11. Be2 a6 12. O-O Qc7 13. g3 b5 14.
cxb5 axb5 15. Nxb5 Qb6 16. Nc3 Na6 17. Bg5 exd5 18.
exd5 d6 19. Bc4 Nb4 20. Qd2 Ba6 21. b3 Bxc4 22. bxc4 Ra3 23. Rac1 Rxc3 24. Qxc3 Nxa2 25. Qe3 Nxc1 26. Qe6+ Kh8 27. Rxc1 Ng8 28. Bf4 Qb2 29.
Rf1 Rf6 30. Qe4 h6 31. h4 Qb3 32. Kg2 Qb2+ 33. Rf2 Qb3 34. Re2 Qc3 35. g4 Qa5 36.
g5 Rf5 37. gxh6 Nxh6 38. Ng5 Rf8 39. Ne6 Nf5 40. Nxf8 Bxf8 41. h5 Qd8 42. hxg6 Qf6 43. Qe6 Nh4+ 44. Kg3 Nf5+ 45. Kg4 1-0

[Event "Late-Titled-Tuesday-Blitz-May-14-2024"]
[Site "Chess.com"]
[Date "2024.05.14"]
[Round "10"]
[White "rasmussvane"]
[Black "artin10862"]
[Result "1-0"]
[WhiteElo "2986"]
[BlackElo "2897"]
[TimeControl "180+1"]
[EndTime "15:54:48 PDT"]
[Termination "rasmussvane won on time"]

1. Nf3 c5 2. c4 Nf6 3. Nc3 d5 4. cxd5 Nxd5 5. e3 e6 6. Bb5+ Nd7 7. Nxd5 exd5 8. O-O a6 9. Be2 Nf6 10. b3 Bd6 11. d4 cxd4 12. Qxd4 O-O 13. Bb2 Qe7 14.
Qh4 Be6 15. Bd3 h6 16. Rac1 Rac8 17. h3 Nd7 18. Qd4 Nf6 19. Bb1 Ba3 20. Rfd1 Rfd8 21. Qd2 Ne4 22. Qe2 Bb4 23. Nd4 Bd7 24. Bd3 Nc3 25.
Bxc3 Bxc3 26. Bh7+ Kf8 27. Qd3 Bb2 28. Rxc8 Rxc8 29.
Bf5 Be6 30. Ne2 Bf6 31. Nf4 Qd7 32. Bxe6 fxe6 33. Qh7 Kf7 34. Qg6+ Kg8 35. Nh5 Bb2 36. e4 Qf7 37. Qxf7+ Kxf7 38. exd5 exd5 39. Rxd5 Rc1+ 40. Kh2 Rc7 41. Nf4 Bf6 42. Kg3 Ke8 43. Kf3 Rc2 44. a4 1-0

[Event "Late-Titled-Tuesday-Blitz-May-14-2024"]
[Site "Chess.com"]
[Date "2024.05.14"]
[Round "10"]
[White "jefferyx"]
[Black "Agibileg"]
[Result "1-0"]
[WhiteElo "3081"]
[BlackElo "2876"]
[TimeControl "180+1"]
[EndTime "15:54:48 PDT"]
[Termination "jefferyx won by resignation"]

1. d4 Nf6 2. c4 g6 3. Nc3 Bg7 4. e4 d6 5. Be2 O-O 6. Be3 e5 7. d5 Na6 8. h4 Nc5 9. Bxc5 dxc5 10. h5 Ne8 11. Nf3 Nd6 12. Qd2 a6 13. Qe3 b6 14.
hxg6 hxg6 15. Ng5 Re8 16. O-O-O Qf6 17. g3 b5 18. Rh7 Bd7 19. Rdh1 Reb8 20. f4 bxc4 21. Nf3 exf4 22. gxf4 Nxe4 23. Qxe4 Rxb2 24. Rxg7+ Kxg7 25. Qe5 Qxe5 26. Nxe5 Rxe2 27. Nxe2 Bf5 28. Nc3 Rb8 29. Re1 Rh8 30. Nxc4 Rh4 31. Re7 Rxf4 32. Ne3 Bh3 33. Rxc7 Rf3 34. Kd2 Rf2+ 35. Kd3 Kh6 36. d6 Rf4 37. Ne4 f5 38. Nxc5 Bf1+ 39. Nxf1 Rxf1 40. Ke2 Rf4 41. d7 Rd4 42. Rc8 1-0

[Event "Late-Titled-Tuesday-Blitz-May-14-2024"]
[Site "Chess.com"]
[Date "2024.05.14"]
[Round "10"]
[White "chessdjw"]
[Black "KirAk47"]
[Result "0-1"]
[WhiteElo "2766"]
[BlackElo "2502"]
[TimeControl "180+1"]
[EndTime "15:54:48 PDT"]
[Termination "KirAk47 won by resignation"]

1. d4 f5 2. Nf3 Nf6 3. c4 e6 4. g3 Be7 5. Bg2 O-O 6. O-O d6 7. Nc3 a5 8. Re1 Ne4 9. Qc2 Nxc3 10. Qxc3 Bf6 11. e4 fxe4 12. Rxe4 Nc6 13. Bf4 Qe8 14. Rae1 Qh5 15. Qd2 Bd7 16. h3 a4 17. g4 Qa5 18.
Qe2 Rae8 19. a3 Qb6 20. Qd2 Na5 21. c5 Qa6 22. Bf1 b5 23. cxd6 cxd6 24. Qb4 Nb7 25.
Bg3 Be7 26. d5 Nc5 27. dxe6 Bc6 28. Nd2 Nxe4 29. Nxe4 d5 30. Nd6 Rd8 31. Rc1 Be8 32. Bxb5 Bxb5 33. Qxb5 Rxd6 34. Qxa6 Rxa6 35. f4 Rxe6 36.
f5 Rb6 37. Be5 Bf6 38. Bxf6 gxf6 39. Rd1 Rd8 40. Rd4 Rxb2 41. h4 Rb3 42. g5 Kf7 43. Kf2 Rxa3 44. Rb4 Rd7 45. Ke2 d4 46. Kd2 d3 47. Rb6 Ra2+ 48. Ke3 fxg5 49. hxg5 d2 50.
Rf6+ Ke7 51. Re6+ Kd8 52. Ke2 d1=Q+ 0-1

[Event "Late-Titled-Tuesday-Blitz-May-14-2024"]
[Site "Chess.com"]
[Date "2024.05.14"]
[Round "10"]
[White "KuzubovYuriy"]
[Black "sergoy"]
[Result "0-1"]
[WhiteElo "2936"]
[BlackElo "3022"]
[TimeControl "180+1"]
[EndTime "15:54:50 PDT"]
[Termination "sergoy won on time"]

1. d4 Nf6 2. Nf3 d5 3. c4 c6 4. Nc3 e6 5. e3 Nbd7 6. Be2 Bd6 7. Qc2 O-O 8. O-O dxc4 9. Bxc4 b5 10. Bd3 Bb7 11. a3 Qe7 12. e4 e5 13. Re1 a6 14.
Bg5 c5 15. Nd5 Qe6 16. Nxf6+ gxf6 17. d5 Qg4 18. Bh6 Rfe8 19. Be2 Qh5 20. Be3 Rac8 21. g3 Qh3 22. Nh4 Kh8 23. Bf1 Qg4 24. h3 Qg8 25. Nf5 Bf8 26. a4 c4 27. axb5 axb5 28. Ra7 Rb8 29.
b3 Bc8 30. bxc4 bxc4 31. Bxc4 Nb6 32. Bxb6 Bxf5 33. Be3 Bxh3 34. Qe2 Bg4 35. f3 Bc8 36. Kf2 Bd6 37. Bb5 Rd8 38. Rc1 f5 39. Bd3 fxe4 40. Bxe4 Rb3 41. Rh1 Bd7 42. Rxh7+ Qxh7 43. Bxh7 Rc3 44. Be4 f5 45. Bb1 Rb8 0-1

[Event "Late-Titled-Tuesday-Blitz-May-14-2024"]
[Site "Chess.com"]
[Date "2024.05.14"]
[Round "10"]
[White "Redzishchess"]
[Black "Bykov_Egor"]
[Result "0-1"]
[WhiteElo "2501"]
[BlackElo "2622"]
[TimeControl "180+1"]
[EndTime "15:54:50 PDT"]
[Termination "Bykov_Egor won on time"]

1. d4 Nf6 2. c4 g6 3. g3 Bg7 4. Bg2 d6 5. Nc3 O-O 6. e4 Nc6 7. Nf3 Bg4 8. O-O Nd7 9. Be3 e5 10. d5 Nd4 11. Bxd4 exd4 12. Nb5 Ne5 13. Nbxd4 Nxc4 14. Rc1 Ne5 15. b3 Rc8 16. h3 Nxf3+ 17. Nxf3 Bd7 18. Nd4 c5 19. dxc6 bxc6 20. Qd2 Qb6 21.
Rfd1 Rfd8 22. Ne2 Be8 23. Nf4 a5 24. h4 Qb4 25. Qd3 Be5 26. h5 Qb7 27. Ne2 Qa7 28.
Kf1 a4 29. f4 Bg7 30. hxg6 hxg6 31. f5 axb3 32. axb3 c5 33. Nf4 Rb8 34. fxg6 Bb5 35.
Rc4 fxg6 36. Qd5+ Qf7 37. Kg1 Qxd5 38. Rxd5 Bxc4 39. bxc4 Be5 40. Nxg6 Bxg3 41. Ne7+ Kf7 42. Nf5 Rb1+ 43. Bf1 Be5 44. Kg2 Rg8+ 45. Kf2 Rb2+ 46.
Be2 Rh8 0-1

[Event "Late-Titled-Tuesday-Blitz-May-14-2024"]
[Site "Chess.com"]
[Date "2024.05.14"]
[Round "10"]
[White "Jospem"]
[Black "Rud_Makarian"]
[Result "1-0"]
[WhiteElo "3031"]
[BlackElo "2949"]
[TimeControl "180+1"]
[EndTime "15:54:51 PDT"]
[Termination "Jospem won by resignation"]

1. e4 c5 2. Nf3 d6 3. d4 cxd4 4.
Nxd4 Nf6 5. Nc3 Nc6 6. Bc4 e6 7. Be3 Bd7 8. Qe2 Rc8 9. Bb3 Na5 10. f3 Be7 11. O-O-O O-O 12. Kb1 a6 13. g4 b5 14.
Qd2 Nc4 15. Bxc4 bxc4 16. Ka1 Rb8 17. h4 Qc7 18. h5 Qb7 19. Rb1 Ne8 20. Bg5 Bxg5 21.
Qxg5 h6 22. Qd2 f6 23. f4 e5 24. Nf5 Bxf5 25. gxf5 Kh7 26. Rhg1 Rf7 27. fxe5 dxe5 28. Qe2 Nd6 29. Rgd1 Nb5 30. Nd5 Nd4 31. Qg2 Kg8 32.
c3 Nb3+ 33. axb3 cxb3 34. Rg1 Qc6 35. Rbd1 Qa4+ 36. Kb1 Qa2+ 37. Kc1 Qa1+ 38. Kd2 Qxb2+ 39. Kd3 Qa3 40. Nxf6+ Kf8 41. Nd5 b2 42. f6 Qc5 43.
Qg6 Qb5+ 44. Kd2 Rd8 45. Qh7 Rxf6 46. Qxg7+ 1-0

[Event "Late-Titled-Tuesday-Blitz-May-14-2024"]
[Site "Chess.com"]
[Date "2024.05.14"]
[Round "10"]
[White "ozates"]
[Black "Zhigalko_Sergei"]
[Result "0-1"]
[WhiteElo "2654"]
[BlackElo "2834"]
[TimeControl "180+1"]
[EndTime "15:54:51 PDT"]
[Termination "Zhigalko_Sergei won by resignation"]

1. e4 c5 2. Nf3 Nc6 3. Bb5 Nf6 4. Nc3 Qc7 5. O-O Nd4 6. Bc4 e6 7. h3 a6 8. a4 Be7 9. d3 O-O 10. Nxd4 cxd4 11. Ne2 Nxe4 12. Nxd4 Nf6 13. Qf3 d5 14. Bb3 Bc5 15. Ne2 Bd6 16. d4 Bd7 17. a5 Bb5 18.
Re1 Bb4 19. c3 Bxa5 20. Ng3 Rae8 21. Bc2 Bb6 22. Bf4 Qc6 23. Be5 Bd8 24. Nh5 Nxh5 25.
Bxh7+ Kxh7 26. Qxh5+ Kg8 27. Bxg7 Kxg7 28. Re3 Rg8 29.
Rae1 Kf8 30. Qh6+ Ke7 31. Rf3 Ref8 32. Qf6+ Kd7 33. Qf4 Qd6 34. Qe3 Bc7 35. g3 Rg7 36. h4 f5 37. Qh6 Rfg8 38. Rfe3 Rg6 39. Qh7+ R8g7 40. Qh8 f4 41. Rxe6 Rxe6 42. Qxg7+ Re7 43. Qg4+ Kc6 44. Rxe7 Qxe7 45. Qg6+ Qd6 46. Qe8+ Kb6 47. Qg8 fxg3 48. fxg3 Qxg3+ 49. Qxg3 Bxg3 50. h5 0-1

[Event "Late-Titled-Tuesday-Blitz-May-14-2024"]
[Site "Chess.com"]
[Date "2024.05.14"]
[Round "10"]
[White "GlavkonVVS"]
[Black "dennisodessa"]
[Result "1-0"]
[WhiteElo "2627"]
[BlackElo "2458"]
[TimeControl "180+1"]
[EndTime "15:54:52 PDT"]
[Termination "GlavkonVVS won on time"]

1. c4 e5 2. Nc3 Nf6 3. g3 Bc5 4. Bg2 Nc6 5. e3 a6 6. Nge2 Ba7 7. d4 O-O 8. O-O d6 9. h3 Bf5 10. g4 Bg6 11. f4 exd4 12. exd4 h6 13. f5 Bh7 14. g5 hxg5 15. Bxg5 Qe8 16. Qd3 Ne5 17. Qg3 Ned7 18. Rae1 Nh5 19. Qh4 f6 20. Bc1 g5 21. Qf2 c6 22. Nf4 Nxf4 23. Rxe8 Raxe8 24. Bxf4 gxf4 25. Qxf4 Ne5 26. b3 Kh8 27. Kh1 Nf7 28.
b4 Rg8 29. c5 Bb8 30. Qh4 Ng5 31. Ne4 Nxe4 32. Bxe4 Rg5 33. Rg1 Rxg1+ 34. Kxg1 Kg7 35.
Kf2 d5 36. Bd3 Rf8 37. a4 Bc7 38. b5 axb5 39. axb5 Ba5 40. Qg3+ Kh8 41. Qd6 Kg7 42. bxc6 bxc6 43. Qxc6 Bc3 44. Qxd5 Bg8 45. Qe4 Rd8 46. Ke3 Kf8 47. Bb5 Bf7 48. Bc6 Rb8 49. d5 Be5 50. d6 Rb3+ 51. Kd2 Bc4 52. Qxc4 1-0

[Event "Late-Titled-Tuesday-Blitz-May-14-2024"]
[Site "Chess.com"]
[Date "2024.05.14"]
[Round "10"]
[White "Quattroporte300"]
[Black "LeninGuerra"]
[Result "0-1"]
[WhiteElo "2449"]
[BlackElo "2653"]
[TimeControl "180+1"]
[EndTime "15:54:52 PDT"]
[Termination "LeninGuerra won on time"]

1. e4 c5 2. Nc3 e6 3. g3 b6 4. Bg2 Bb7 5. Nge2 d6 6. d4 cxd4 7. Nxd4 a6 8. O-O Nd7 9. Re1 Qc7 10. Qe2 Ngf6 11. f4 Be7 12. Be3 O-O 13. h3 Rac8 14. Rad1 Nc5 15. Bf2 Rfe8 16. g4 d5 17. e5 Nfe4 18. Nxe4 Nxe4 19. Bxe4 dxe4 20. c3 b5 21. Be3 b4 22. Rc1 Qa5 23. cxb4 Qxa2 24. f5 Bxb4 25. Rf1 Rxc1 26. Rxc1 exf5 27. Nxf5 Qe6 28.
Bd4 e3 29. Nxe3 Rd8 30. Nf5 g6 31. Nh6+ Kg7 32. Qe3 Rxd4 33. Nf5+ gxf5 34. Qxd4 Qd5 35. Qxd5 Bxd5 36. Rc7 fxg4 37. hxg4 Be6 38. g5 a5 39. Kf2 Kg6 40. Ke3 Kxg5 41. Kd4 Be1 42. Rc1 Bf2+ 43. Ke4 h5 44. Ra1 Bb6 45. Ra3 h4 46. Rf3 h3 47. Rf1 h2 48. Kf3 Bg1 49. Kg2 Bd5+ 0-1